 Dungeon Crawl Stone Soup version 0.28.0 (webtiles) character file.

Game seed: 2216435581119670142

0 SnakkuSnakku7 the Sneak (level 1, 0/13 HPs)
             Began as a Vampire Fire Elementalist on Feb 14, 2022.
             Slain by a dart slug (3 damage)
             ... on level 1 of the Dungeon.
             The game lasted 00:00:08 (43 turns).

SnakkuSnakku7 the Sneak (Vampire Fire Elementalist)   Turns: 43, Time: 00:00:09

Health: 0/13       AC:  2    Str:  7    XL:     1   Next: 0%
Magic:  1/3        EV: 12    Int: 17    God:
Gold:   0          SH:  0    Dex: 14    Spells: 3/4 levels left

rFire   . . .      SeeInvis +   (no weapon)
rCold   . . .      Faith    .   (no shield)
rNeg    . . .      Spirit   .   a - +0 robe
rPois   .          Reflect  .   (no helmet)
rElec   .          Harm     .   (no cloak)
rCorr   .          Rampage  .   (no gloves)
Will    .....                   (no boots)
Stlth   ++........              (no amulet)
HPRegen 0.24/turn               (no ring)
MPRegen 0.08/turn               (no ring)

@: healing quickly
A: alive, fangs 3, see invisible, vampiric 1
a: Exsanguinate


You were on level 1 of the Dungeon.
You visited 1 branch of the dungeon, and saw 1 of its levels.

Inventory:

Armour
 a - a +0 robe (worn)


   Skills:
 - Level 2.1 Dodging
 - Level 3.0 Stealth
 + Level 0.0 Unarmed Combat
 - Level 2.0 Spellcasting
 - Level 0.6 Conjurations
 - Level 2.4 Fire Magic


You had 3 spell levels left.
You knew the following spells:

 Your Spells              Type           Power      Damage    Failure   Level
a - Foxfire               Conj/Fire      24%        2x1d5     11%         1

Your spell library contained the following spells:

 Spells                   Type           Power      Damage    Failure   Level
 Scorch                   Fire           18%        2d6       11%         2
 Conjure Flame            Conj/Fire      6%         6-21      30%         3
 Inner Flame              Hex/Fire       5%         N/A       34%         3
 Flame Wave               Conj/Fire      6%         2d5       71%         4


Dungeon Overview and Level Annotations

Branches:
Dungeon (1/15)

Altars:


Innate Abilities, Weirdness & Mutations

Your natural rate of healing is accelerated.
You have razor-sharp teeth.
You have supernaturally acute eyesight. (SInv)
You are afflicted with vampirism.


Message History

A quokka comes into view.
You hit the dart slug but do no damage. The dart slug launches a dart at you.
The slug dart misses you.
You hit the dart slug but do no damage. You bite the dart slug.
The dart slug is lightly wounded.
The dart slug launches a dart at you. The slug dart hits you.
You hit the dart slug but do no damage.
The dart slug is lightly wounded.
The bat barely misses you.
The dart slug bites you but does no damage.
You hit the dart slug.
The dart slug is moderately wounded.
The bat closely misses you.
You hit the dart slug but do no damage.
The dart slug is moderately wounded.
The bat hits you but does no damage. The dart slug bites you.
You hit the dart slug but do no damage.
The dart slug is lightly wounded.
The bat hits you but does no damage. The dart slug bites you.
You hit the dart slug but do no damage.
The dart slug is lightly wounded.
The bat completely misses you. The quokka closely misses you.
Casting: Foxfire (safe; 11% risk of failure)
Press: ? - help, Q - select action Dir - look around, f - activate You conjure some foxfire!
The foxfire hits the bat.
The bat is severely wounded.
The bat barely misses you. The quokka bites you.
The dart slug closely misses you.
Casting: Foxfire (safe; 11% risk of failure)
Press: ? - help, Q - select action Dir - look around, f - activate You conjure some foxfire!
The foxfire hits the bat.
You kill the bat!
The quokka bites you.
* * * LOW HITPOINT WARNING * * *
The dart slug bites you.
You die...

.......# .......# ..
#.###### .# ..# .## #
#.####### ###..##.#
..#.....# ##.......#
>.#.....# ........#
..#.....######+#rw......
#.#.............@#
..####.###.....v.# #.#
#.# #.......# ..# #.#
##......#
.#####.####......#
.................+
###########......#
######.. .#


You could see a dart slug and a quokka.

Vanquished Creatures
  A bat (D:1)
1 creature vanquished.

Vanquished Creatures (others)
  A foxfire (D:1)
1 creature vanquished.

Grand Total: 2 creatures vanquished

Notes
Turn   | Place    | Note
-------+----------+-------------------------------------------
     0 | D:1      | SnakkuSnakku7 the Vampire Fire Elementalist began the quest
                  | for the Orb.
     0 | D:1      | Reached XP level 1. HP: 13/13 MP: 3/3
    43 | D:1      | Slain by a dart slug

Illustrated notes

Levels and vault maps discovered:
D:1:      lemuel_arrival_hallway, layout_basic, minmay_distorted

Action                   || total
-------------------------++-------
Melee: Unarmed           ||     7
       Bite              ||     1
 Cast: Foxfire           ||     2
Armor: Robe              ||     3
Dodge: Dodged            ||     8
